 Dungeon Crawl Stone Soup version 0.28-a0-1117-g0bdd5ba030 (webtiles) character file.

Game seed: 8911550441261107731

11 SensoryNuts the Slasher (level 2, 22/22 HPs)
             Began as a Demonspawn Gladiator on Dec 11, 2021.
             Quit the game on level 1 of the Dungeon.
             The game lasted 00:00:48 (685 turns).

SensoryNuts the Slasher (Demonspawn Gladiator)       Turns: 685, Time: 00:00:48

Health: 22/22      AC:  3    Str: 14    XL:     2   Next: 17%
Magic:  2/2        EV: 12    Int:  9    God:
Gold:   12         SH:  0    Dex: 14    Spells: 1/1 levels left

rFire   . . .      SeeInvis .   a - +0 long sword
rCold   . . .      Faith    .   (no shield)
rNeg    . . .      Spirit   .   b - +0 leather armour
rPois   .          Reflect  .   (helmet restricted)
rElec   .          Harm     .   (no cloak)
rCorr   .          Rampage  .   (no gloves)
Will    .....                   (no boots)
Stlth   +.........              (no amulet)
HPRegen 0.07/turn               (no ring)
MPRegen 0.08/turn               (no ring)

@: no status effects
A: antennae 1
a: no special abilities


You were on level 1 of the Dungeon.
You visited 1 branch of the dungeon, and saw 1 of its levels.

You collected 12 gold pieces.

Inventory:

Hand Weapons
 a - a +0 long sword (weapon)
Missiles
 d - 3 throwing nets (quivered)
Armour
 b - a +0 leather armour (worn)
 c - a +0 helmet
Magical Staves
 g - a staff of fire
Scrolls
 f - 2 scrolls of identify {unknown}
Potions
 e - a potion of invisibility {unknown}


   Skills:
 + Level 2.0 Fighting
 + Level 3.0 Long Blades
 + Level 1.8 Throwing
 + Level 2.9 Dodging


You had one spell level left.
You didn't know any spells.
Your spell library was empty.

Dungeon Overview and Level Annotations

Branches:
Dungeon (1/15)

Altars:


Innate Abilities, Weirdness & Mutations

You have a pair of small antennae on your head.


Message History

The dart slug barely misses you.
You hit the dart slug.
The dart slug is severely wounded.
The dart slug bites you.
You hit the dart slug.
The dart slug is severely wounded.
The dart slug launches a dart at you. The slug dart hits you.
You hit the dart slug.
The dart slug is almost dead.
The dart slug launches a dart at you. The slug dart misses you.
You slash the dart slug!
You kill the dart slug!
Your Long Blades skill increases to level 3!
You have reached level 2!
Your demonic ancestry asserts itself...
A pair of antennae grows on your head!
Your +0 helmet falls away!
You sense a monster nearby.
A ball python comes into view.
A ball python is nearby!
The helpless ball python fails to defend itself.
You slash the ball python!
You kill the ball python!
No target in view!
No target in view!
No target in view!
No target in view!
No target in view!
No target in view!
No target in view!
No target in view!
No target in view!
Unknown command.
Sorry, you're not good enough to have a special ability.
An endoplasm comes into view.
The endoplasm quivers.
The endoplasm moves out of view.
Are you sure you want to abandon this character and quit the game? (Confirm with "yes".)

..####.......###.###.....#
.#
......................##.#
.#
######.......###.####.##..#
.# ######### #.#.....##+#
.# #.#.....##.###.#
###.#.....#♣.≈P#.#
#...#####.'.<≈P# #.###
#.#♣.≈P# #..@# #.##.###
###.# #..#+# .... ....
.....# .##.. ......#.. ..#
#..J.#.... ... #....#.#..
... #....#....


You could see an endoplasm.

Vanquished Creatures
  A dart slug (D:1)
  A ball python (D:1)
  An endoplasm (D:1)
  A giant cockroach (D:1)
  A hobgoblin (D:1)
  A kobold (D:1)
  2 frilled lizards (D:1)
  A rat (D:1)
9 creatures vanquished.

Notes
Turn   | Place    | Note
-------+----------+-------------------------------------------
     0 | D:1      | SensoryNuts the Demonspawn Gladiator began the quest for
                  | the Orb.
     0 | D:1      | Reached XP level 1. HP: 16/16 MP: 1/1
   509 | D:1      | Reached skill level 3 in Long Blades
   509 | D:1      | Gained mutation: You have a pair of small antennae on your
                  | head. [demonic ancestry]
   509 | D:1      | Reached XP level 2. HP: 13/22 MP: 2/2
   685 | D:1      | Quit the game

Illustrated notes

Levels and vault maps discovered:
D:1:      tarquinn_simple_flora_water_e, layout_basic,
          chequers_ecumenical_altar_simple

Skill      XL: |  1 |
---------------+----+-----
Long Blades    | 3 |  3.0
Fighting       | |  2.0
Throwing       | |  1.8
Dodging        | |  2.9

Action                   || total
-------------------------++-------
Melee: Long sword        ||    27
 Stab: Sleeping          ||     2
Armor: Leather armour    ||     3
Dodge: Dodged            ||     9

Table legend: (Time is in decaauts)
 A = Elapsed time spent in this place.
 B = Non-inter-level travel time spent in this place.
 C = Inter-level travel time spent in this place.
 D = Time resting spent in this place.
 E = Time spent auto-exploring this place.
 F = Levels seen in this place.
 G = Mean time per level.
                   A        B        C        D        E       F      G
               +--------+--------+--------+--------+--------+-----+--------+
         Total |    691 |    691 |      0 |      0 |    616 |   1 |  691.0 |
       Dungeon |    691 |    691 |      0 |      0 |    616 |   1 |  691.0 |
               +--------+--------+--------+--------+--------+-----+--------+

Top non-repeatable levels by time:
     D:1: 691 daAuts
